| TOP OF THE 1ST |
|
Corpus Christi Hooks batting - Pitching for Trenton Thunder : RHP Aneirin Cadwallader
|
|
Pitching: RHP Aneirin Cadwallader
|
|
|
Batting: LHB Bob Dietz
|
0-0: Ball 1-0: DOUBLE (Line Drive, 9LD, EV 103.8 MPH)
|
|
Batting: RHB Mark Cahill
|
0-0: Ball 1-0: Swinging Strike 1-1: SINGLE (Flyball, 4D, EV 86.9 MPH) Bob Dietz to third Runner from 3rd tries for Home, throw by CF and OUT! 8-2
|
|
Batting: LHB Josh Corkery
|
0-0: Ball 1-0: Ball 2-0: Called Strike 2-1: DOUBLE (Line Drive, 89D, EV 106.9 MPH) Mark Cahill to third
|
|
Batting: RHB Ramon Castellon
|
0-0: Ball 1-0: Foul Ball, location: 2F 1-1: Swinging Strike 1-2: Strikes out swinging
|
|
Batting: LHB Chris Cabrera
|
0-0: Swinging Strike 0-1: Ball 1-1: Ball 2-1: SINGLE (Groundball, 4S, EV 72.5 MPH) (infield hit) Mark Cahill scores Josh Corkery to third
|
|
Batting: RHB Bruce Bermudez
|
0-0: Ball 1-0: Called Strike 1-1: Called Strike 1-2: Ball 2-2: Fly out, F9 (Flyball, 9LS, EV 91.9 MPH)
|
| Top of the 1st over - 1 run, 4 hits, 0 errors, 2 left on base; Corpus Christi 1 - Trenton 0 |
| BOTTOM OF THE 1ST |
|
Trenton Thunder batting - Pitching for Corpus Christi Hooks : RHP Muckle Wildriver
|
|
Pitching: RHP Muckle Wildriver
|
|
|
Batting: RHB Bryan Westray
|
0-0: Ball 1-0: Called Strike 1-1: Ball 2-1: Ball 3-1: Called Strike 3-2: Base on Balls
|
|
Batting: RHB Tim Osborn
|
0-0: Called Strike 0-1: Foul Ball, location: 2F 0-2: Foul Ball, location: 2F 0-2: SINGLE (Groundball, 34, EV 98.1 MPH) Bryan Westray to second Runner from 2nd tries for 3rd, SAFE, throw by RF made to third
|
|
Batting: LHB Jared Zulkowski
|
0-0: Ball 1-0: Foul Ball, location: 2F 1-1: Ground out U3 (Groundball, 3S, EV 70.0 MPH) Bryan Westray scores Tim Osborn to second
|
|
Batting: SHB Jay Gagnon
|
0-0: Called Strike 0-1: Called Strike 0-2: Strikes out swinging
|
|
Batting: RHB Sam Hubbert
|
0-0: Ball 1-0: Swinging Strike 1-1: Foul Ball, location: 2F 1-2: Ball 2-2: Strikes out swinging
|
| Bottom of the 1st over - 1 run, 1 hit, 0 errors, 1 left on base; Corpus Christi 1 - Trenton 1 |
| TOP OF THE 2ND |
|
Corpus Christi Hooks batting - Pitching for Trenton Thunder : RHP Aneirin Cadwallader
|
|
Batting: LHB Josh Birkner
|
0-0: Foul Ball, location: 2F 0-1: Foul Ball, location: 2F 0-2: Foul Ball, location: 2F 0-2: SINGLE (Groundball, 4D, EV 105.6 MPH)
|
|
Batting: LHB John Wagner
|
0-0: Ball 1-0: Ball 2-0: Fielders Choice at 2nd, 4-6 (Groundball, 4, EV 82.5 MPH)
|
|
Batting: SHB Danny Jensen
|
0-0: Called Strike John Wagner steals 2nd base 0-1: Ball 1-1: Ground out 4-3 (Groundball, 4, EV 82.5 MPH) John Wagner to third
|
|
Batting: LHB Bob Dietz
|
0-0: Foul Ball, location: 2F 0-1: Fly out, F8 (Flyball, 8RXD, EV 90.0 MPH)
|
| Top of the 2nd over - 0 runs, 1 hit, 0 errors, 1 left on base; Corpus Christi 1 - Trenton 1 |
| BOTTOM OF THE 2ND |
|
Trenton Thunder batting - Pitching for Corpus Christi Hooks : RHP Muckle Wildriver
|
|
Batting: SHB Houston Phillips
|
0-0: Ball 1-0: Called Strike 1-1: Swinging Strike 1-2: Ball 2-2: Ball 3-2: Foul Ball, location: 2F 3-2: Foul Ball, location: 2F 3-2: Strikes out swinging
|
|
Batting: RHB Christian Shearer
|
0-0: Ball 1-0: Called Strike 1-1: DOUBLE (Line Drive, 78D, EV 103.1 MPH)
|
|
Batting: SHB David Stewart
|
0-0: Ball 1-0: Ball 2-0: Ball 3-0: Called Strike 3-1: Foul Ball, location: 2F 3-2: Foul Ball, location: 2F 3-2: Strikes out swinging
|
|
Batting: RHB Javier Umanzor
|
0-0: Foul Ball, location: 2F 0-1: Ball 1-1: Ball 2-1: Ball 3-1: Called Strike 3-2: Fly out, F3 (Popup, 34, EV 78.8 MPH)
|
| Bottom of the 2nd over - 0 runs, 1 hit, 0 errors, 1 left on base; Corpus Christi 1 - Trenton 1 |
| TOP OF THE 3RD |
|
Corpus Christi Hooks batting - Pitching for Trenton Thunder : RHP Aneirin Cadwallader
|
|
Batting: RHB Mark Cahill
|
0-0: Ball 1-0: Ball 2-0: Foul Ball, location: 2F 2-1: Swinging Strike 2-2: Strikes out swinging
|
|
Batting: LHB Josh Corkery
|
0-0: Ball 1-0: Ball 2-0: Ball 3-0: Foul Ball, location: 2F 3-1: Foul Ball, location: 2F 3-2: SINGLE (Flyball, 34D, EV 83.1 MPH)
|
|
Batting: RHB Ramon Castellon
|
0-0: Ball 1-0: Called Strike Josh Corkery steals 2nd, throwing error, E2 Josh Corkery to third 1-1: Ball 2-1: SINGLE (Line Drive, 4D, EV 97.5 MPH) Josh Corkery scores
|
|
Batting: LHB Chris Cabrera
|
0-0: Foul Ball, location: 2F 0-1: Foul Ball, location: 2F 0-2: Foul Ball, location: 2F 0-2: SINGLE (Groundball, 4M, EV 106.9 MPH) (infield hit) Ramon Castellon to second
|
|
Batting: RHB Bruce Bermudez
|
0-0: Ball Wild Pitch! Ramon Castellon to third Chris Cabrera to second 1-0: Called Strike 1-1: Foul Ball, location: 2F 1-2: Ball 2-2: SINGLE (Groundball, 4MD, EV 100.6 MPH) Ramon Castellon scores Chris Cabrera to third
|
|
Batting: LHB Josh Birkner
|
0-0: Ball 1-0: Called Strike 1-1: Ball 2-1: Ball Bruce Bermudez is caught stealing 2nd base 2-6 3-1: Ground out 4-3 (Groundball, 4, EV 105.6 MPH)
|
| Top of the 3rd over - 2 runs, 4 hits, 1 error, 1 left on base; Corpus Christi 3 - Trenton 1 |
| BOTTOM OF THE 3RD |
|
Trenton Thunder batting - Pitching for Corpus Christi Hooks : RHP Muckle Wildriver
|
|
Batting: RHB Bryan Westray
|
0-0: Called Strike 0-1: SINGLE (Line Drive, 6D, EV 98.1 MPH)
|
|
Batting: RHB Tim Osborn
|
0-0: Ball 1-0: Foul Ball, location: 2F 1-1: SINGLE (Line Drive, 9S, EV 104.4 MPH) Bryan Westray to second
|
|
Batting: LHB Jared Zulkowski
|
0-0: Ball 1-0: Called Strike 1-1: Ball 2-1: SINGLE (Line Drive, 4D, EV 98.1 MPH) Bryan Westray to third Tim Osborn to second
|
|
Batting: SHB Jay Gagnon
|
0-0: Swinging Strike 0-1: Ball 1-1: Called Strike 1-2: Ball 2-2: Ball 3-2: Base on Balls Bryan Westray scores Tim Osborn to third Jared Zulkowski to second
|
|
Batting: RHB Sam Hubbert
|
0-0: Foul Ball, location: 2F 0-1: Ball 1-1: Ball 2-1: Called Strike 2-2: Fly out, F5 (Popup, 5SF, EV 65.6 MPH)
|
|
Batting: SHB Houston Phillips
|
0-0: Foul Ball, location: 2F 0-1: Ball 1-1: Ball 2-1: Swinging Strike 2-2: Strikes out swinging
|
|
Batting: RHB Christian Shearer
|
0-0: Ball 1-0: Ground out 5-3 (Groundball, 56S, EV 87.5 MPH)
|
| Bottom of the 3rd over - 1 run, 3 hits, 0 errors, 3 left on base; Corpus Christi 3 - Trenton 2 |
| TOP OF THE 4TH |
|
Corpus Christi Hooks batting - Pitching for Trenton Thunder : RHP Aneirin Cadwallader
|
|
Batting: LHB John Wagner
|
0-0: Ball 1-0: Foul Ball, location: 2F 1-1: Foul Ball, location: 2F 1-2: Strikes out swinging
|
|
Batting: SHB Danny Jensen
|
0-0: Ball 1-0: Foul Ball, location: 2F 1-1: DOUBLE (Flyball, 7LD, EV 94.4 MPH)
|
|
Batting: LHB Bob Dietz
|
0-0: Ball 1-0: Swinging Strike 1-1: Called Strike 1-2: Foul Ball, location: 2F 1-2: Ball 2-2: Fly out, F9 (Flyball, 9LSF, EV 88.1 MPH)
|
|
Batting: RHB Mark Cahill
|
0-0: Ball 1-0: Ground out U3 (Groundball, 34, EV 103.8 MPH)
|
| Top of the 4th over - 0 runs, 1 hit, 0 errors, 1 left on base; Corpus Christi 3 - Trenton 2 |
| BOTTOM OF THE 4TH |
|
Trenton Thunder batting - Pitching for Corpus Christi Hooks : RHP Muckle Wildriver
|
|
Batting: SHB David Stewart
|
0-0: Ball 1-0: Swinging Strike 1-1: Swinging Strike 1-2: Ball 2-2: Ball 3-2: Strikes out swinging
|
|
Batting: RHB Javier Umanzor
|
0-0: Called Strike 0-1: Ball 1-1: Foul Ball, location: 2F 1-2: Foul Ball, location: 2F 1-2: Ball 2-2: Strikes out swinging
|
|
Batting: RHB Bryan Westray
|
0-0: Foul Ball, location: 2F 0-1: Ball 1-1: Foul Ball, location: 2F 1-2: Strikes out swinging
|
| Bottom of the 4th over - 0 runs, 0 hits, 0 errors, 0 left on base; Corpus Christi 3 - Trenton 2 |
| TOP OF THE 5TH |
|
Corpus Christi Hooks batting - Pitching for Trenton Thunder : RHP Aneirin Cadwallader
|
|
Batting: LHB Josh Corkery
|
0-0: Swinging Strike 0-1: Ball 1-1: Ball 2-1: Ball 3-1: Fly out, F8 (Flyball, 8RD, EV 102.5 MPH)
|
|
Pitching: RHP Joe Shaw
|
|
|
Batting: RHB Ramon Castellon
|
0-0: Ball 1-0: Called Strike 1-1: Called Strike 1-2: Foul Ball, location: 2F 1-2: Ball 2-2: Foul Ball, location: 2F 2-2: Ball 3-2: Base on Balls
|
|
Batting: LHB Chris Cabrera
|
0-0: Ball 1-0: Ball 2-0: Called Strike 2-1: Foul Ball, location: 2F 2-2: Foul Ball, location: 2F 2-2: Foul Ball, location: 2F 2-2: Fly out, F7 (Flyball, 78S, EV 88.1 MPH)
|
|
Batting: RHB Bruce Bermudez
|
0-0: TRIPLE (Flyball, 78XD, EV 107.5 MPH) Ramon Castellon scores
|
|
Batting: LHB Josh Birkner
|
0-0: Fly out, F8 (Line Drive, 8LD, EV 92.5 MPH)
|
| Top of the 5th over - 1 run, 1 hit, 0 errors, 1 left on base; Corpus Christi 4 - Trenton 2 |
| BOTTOM OF THE 5TH |
|
Trenton Thunder batting - Pitching for Corpus Christi Hooks : RHP Muckle Wildriver
|
|
Batting: RHB Tim Osborn
|
0-0: Called Strike 0-1: Foul Ball, location: 2F 0-2: Strikes out looking
|
|
Pitching: LHP Blaine Whitmore
|
|
|
Batting: LHB Jared Zulkowski
|
0-0: Ball 1-0: SINGLE (Flyball, 89S, EV 92.5 MPH) - OUT at second base trying to stretch hit.
|
|
Batting: SHB Jay Gagnon
|
0-0: Ball 1-0: Ball 2-0: Ball 3-0: Base on Balls
|
|
Batting: RHB Sam Hubbert
|
0-0: Ball Jay Gagnon steals 2nd base (no throw) 1-0: Called Strike 1-1: Foul Ball, location: 2F 1-2: Foul Ball, location: 2F 1-2: Fly out, F8 (Flyball, 8RM, EV 86.2 MPH)
|
| Bottom of the 5th over - 0 runs, 1 hit, 0 errors, 1 left on base; Corpus Christi 4 - Trenton 2 |
| TOP OF THE 6TH |
|
Corpus Christi Hooks batting - Pitching for Trenton Thunder : RHP Joe Shaw
|
|
Batting: LHB John Wagner
|
0-0: Ball 1-0: Ball 2-0: Called Strike 2-1: Ball 3-1: Bunt for hit to 15 - play at first, batter OUT! 1-3
|
|
Batting: SHB Danny Jensen
|
0-0: Ball 1-0: Ball 2-0: SINGLE (Line Drive, 4M, EV 97.5 MPH)
|
|
Batting: LHB Bob Dietz
|
0-0: Called Strike 0-1: Ball 1-1: Called Strike 1-2: DOUBLE (Line Drive, 78XD, EV 111.2 MPH) Danny Jensen to third Runner from 3rd tries for Home, SAFE, throw by CF to home
|
|
Batting: RHB Mark Cahill
|
0-0: Ball 1-0: Called Strike 1-1: Ball 2-1: Called Strike 2-2: Foul Ball, location: 2F 2-2: Ball 3-2: Strikes out swinging
|
|
Batting: LHB Josh Corkery
|
0-0: Ball 1-0: Foul Ball, location: 2F 1-1: SINGLE (Groundball, 6MD, EV 97.5 MPH) Bob Dietz to third Runner from 3rd tries for Home, SAFE, throw by CF to home Josh Corkery to second
|
|
Pitching: RHP Jimmy Wilder
|
|
|
Batting: RHB Ramon Castellon
|
0-0: Ball 1-0: Foul Ball, location: 2F 1-1: Ball 2-1: Fly out, F8 (Flyball, 8RXD, EV 80.6 MPH)
|
| Top of the 6th over - 2 runs, 3 hits, 0 errors, 1 left on base; Corpus Christi 6 - Trenton 2 |
| BOTTOM OF THE 6TH |
|
Trenton Thunder batting - Pitching for Corpus Christi Hooks : LHP Blaine Whitmore
|
|
Batting: SHB Houston Phillips
|
0-0: Swinging Strike 0-1: Foul Ball, location: 2F 0-2: Ball 1-2: Ball 2-2: Strikes out swinging
|
|
Batting: RHB Christian Shearer
|
0-0: Called Strike 0-1: Ball 1-1: Fly out, F8 (Line Drive, 8LM, EV 101.9 MPH)
|
|
Batting: SHB David Stewart
|
0-0: Ball 1-0: Called Strike 1-1: Swinging Strike 1-2: Strikes out swinging
|
| Bottom of the 6th over - 0 runs, 0 hits, 0 errors, 0 left on base; Corpus Christi 6 - Trenton 2 |
| TOP OF THE 7TH |
|
Corpus Christi Hooks batting - Pitching for Trenton Thunder : RHP Jimmy Wilder
|
|
Pitching: LHP Jon Moore
|
|
|
Batting: LHB Chris Cabrera
|
0-0: Called Strike 0-1: Ground out U3 (Groundball, 34S, EV 75.6 MPH)
|
|
Batting: RHB Bruce Bermudez
|
0-0: Called Strike 0-1: Ground out 4-3 (Groundball, 4, EV 86.2 MPH)
|
|
Batting: LHB Josh Birkner
|
0-0: Ball 1-0: Foul Ball, location: 2F 1-1: Swinging Strike 1-2: Ball 2-2: Strikes out swinging
|
| Top of the 7th over - 0 runs, 0 hits, 0 errors, 0 left on base; Corpus Christi 6 - Trenton 2 |
| BOTTOM OF THE 7TH |
|
Trenton Thunder batting - Pitching for Corpus Christi Hooks : LHP Blaine Whitmore
|
|
Pitching: RHP Elroy Meulenkamp
|
|
|
Batting: RHB Javier Umanzor
|
0-0: Ball 1-0: Ground out 1-3 (Groundball, 23, EV 66.9 MPH)
|
|
Batting: RHB Bryan Westray
|
0-0: Called Strike 0-1: Foul Ball, location: 2F 0-2: Ball 1-2: Strikes out swinging
|
|
Batting: RHB Tim Osborn
|
0-0: Swinging Strike 0-1: Ball 1-1: Ball 2-1: Foul Ball, location: 2F 2-2: Strikes out looking
|
| Bottom of the 7th over - 0 runs, 0 hits, 0 errors, 0 left on base; Corpus Christi 6 - Trenton 2 |
| TOP OF THE 8TH |
|
Corpus Christi Hooks batting - Pitching for Trenton Thunder : LHP Jon Moore
|
|
Batting: LHB John Wagner
|
0-0: Ball 1-0: Called Strike 1-1: Ball 2-1: Foul Ball, location: 2F 2-2: Ball 3-2: Strikes out swinging
|
|
Batting: SHB Danny Jensen
|
0-0: Ball 1-0: Ball 2-0: Called Strike 2-1: Ground out 4-3 (Groundball, 4M, EV 98.8 MPH)
|
|
Batting: LHB Bob Dietz
|
0-0: Ball 1-0: Ball 2-0: Ball 3-0: Base on Balls
|
|
Batting: RHB Mark Cahill
|
0-0: Ball 1-0: Ball 2-0: Ball 3-0: Base on Balls Bob Dietz to second
|
|
Batting: LHB Josh Corkery
|
0-0: Ball 1-0: Fly out, F7 (Flyball, 78M, EV 87.5 MPH)
|
| Top of the 8th over - 0 runs, 0 hits, 0 errors, 2 left on base; Corpus Christi 6 - Trenton 2 |
| BOTTOM OF THE 8TH |
|
Trenton Thunder batting - Pitching for Corpus Christi Hooks : RHP Elroy Meulenkamp
|
|
Batting: LHB Jared Zulkowski
|
0-0: Called Strike 0-1: Foul Ball, location: 2F 0-2: Strikes out swinging
|
|
Batting: SHB Jay Gagnon
|
0-0: Foul Ball, location: 2F 0-1: SINGLE (Groundball, 4D, EV 109.4 MPH)
|
|
Batting: RHB Sam Hubbert
|
0-0: Called Strike 0-1: Ball 1-1: Called Strike 1-2: Foul Ball, location: 2F 1-2: Foul Ball, location: 2F 1-2: Foul Ball, location: 2F 1-2: Grounds into double play, 4-6-3 (Groundball, 4, EV 93.8 MPH)
|
| Bottom of the 8th over - 0 runs, 1 hit, 0 errors, 0 left on base; Corpus Christi 6 - Trenton 2 |
| TOP OF THE 9TH |
|
Corpus Christi Hooks batting - Pitching for Trenton Thunder : LHP Jon Moore
|
|
Pitching: RHP David Durr
|
|
|
Batting: RHB Ramon Castellon
|
0-0: Called Strike 0-1: Swinging Strike 0-2: Ball 1-2: Ground out 3-1 (Groundball, 34, EV 101.2 MPH)
|
|
Batting: LHB Chris Cabrera
|
0-0: Ball 1-0: Ball 2-0: SINGLE (Groundball, 34D, EV 94.4 MPH)
|
|
Batting: RHB Bruce Bermudez
|
0-0: Ball Chris Cabrera steals 2nd base 1-0: Called Strike 1-1: Ball 2-1: Ball 3-1: Called Strike 3-2: Fly out, F4 (Line Drive, 4MD, EV 70.0 MPH)
|
|
Batting: LHB Josh Birkner
|
0-0: Ball 1-0: Swinging Strike 1-1: Swinging Strike 1-2: Foul Ball, location: 2F 1-2: Foul Ball, location: 2F 1-2: Ball 2-2: Ground out 4-3 (Groundball, 34, EV 77.5 MPH)
|
| Top of the 9th over - 0 runs, 1 hit, 0 errors, 1 left on base; Corpus Christi 6 - Trenton 2 |
| BOTTOM OF THE 9TH |
|
Trenton Thunder batting - Pitching for Corpus Christi Hooks : RHP Elroy Meulenkamp
|
|
Batting: SHB Houston Phillips
|
0-0: Ball 1-0: Ball 2-0: Ground out 4-3 (Groundball, 4, EV 102.5 MPH)
|
|
Batting: RHB Christian Shearer
|
0-0: Ball 1-0: Ball 2-0: Foul Ball, location: 2F 2-1: Foul Ball, location: 2F 2-2: Ball 3-2: Base on Balls
|
|
Batting: SHB David Stewart
|
0-0: Foul Ball, location: 2F 0-1: Fielders Choice at 2nd, 6-4 (Groundball, 6, EV 86.2 MPH)
|
|
Batting: RHB Javier Umanzor
|
0-0: Ball 1-0: Called Strike 1-1: Foul Ball, location: 2F 1-2: Ball 2-2: Strikes out swinging
|
| Bottom of the 9th over - 0 runs, 0 hits, 0 errors, 1 left on base; Corpus Christi 6 - Trenton 2 |
|